 Dungeon Crawl Stone Soup version 0.26-a0-1053-gaff5f71418 (webtiles) character file.

Game seed: 7997917825973325989

54 nomicflux the Digger (level 3, -2/21 HPs)
             Began as a Gargoyle Earth Elementalist on Dec 12, 2020.
             Killed from afar by Terence (9 damage)
             ... with a puff of flame
             ... on level 2 of the Dungeon.
             The game lasted 00:03:21 (1521 turns).

nomicflux the Digger (Gargoyle Earth Elementalist)  Turns: 1521, Time: 00:03:21

Health: -2/21      AC:  6    Str: 11    XL:     3   Next: 91%
Magic:  2/7        EV: 12    Int: 16    God:
Gold:   95         SH:  0    Dex: 10    Spells: 3/7 levels left

rFire    . . .     SeeInvis .   g - +0 spear
rCold    . . .     Faith    .   (no shield)
rNeg     + . .     Spirit   .   c - +0 robe
rPois    ∞         Reflect  .   (no helmet)
rElec    +         Harm     .   (no cloak)
rCorr    .         Rampage  .   a - +0 pair of gloves
Will     .....                  (no boots)
Stlth    ++........             (no amulet)
HPRegen  0.07/turn              (no ring)
MPRegen  0.10/turn              (no ring)

@: no status effects
A: negative energy resistance 1, electricity resistance, unbreathing,
petrification resistance, rot immunity, AC +3
a: no special abilities


You were on level 2 of the Dungeon.
You visited 1 branch of the dungeon, and saw 2 of its levels.

You collected 95 gold pieces.

Inventory:

Hand Weapons
 g - a +0 spear (weapon)
 k - a +0 club
 m - a cursed -3 whip
Missiles
 b - 31 stones (quivered)
Armour
 a - a +0 pair of gloves (worn)
 c - a +0 robe (worn)
Scrolls
 e - 2 scrolls of enchant armour {unknown}
 i - 2 scrolls of identify {unknown}
 n - a scroll of random uselessness {unknown}
Potions
 d - a potion of attraction {unknown}
 f - a potion of degeneration {unknown}
 h - a potion of haste {unknown}
 j - 3 potions of curing {unknown}
 l - a potion of heal wounds {unknown}


   Skills:
 + Level 2.0 Fighting
 - Level 1.5 Dodging
 - Level 2.1 Stealth
 + Level 2.7 Spellcasting
 - Level 0.7 Transmutations
 + Level 4.3 Earth Magic


You had 3 spell levels left.
You knew the following spells:

 Your Spells              Type           Power        Failure   Level
a - Sandblast             Erth           ###...       3%          1
b - Stone Arrow           Conj/Erth      #.....       24%         3

Your spell library contained the following spells:

 Spells                   Type           Power        Failure   Level
 Passwall                 Tmut/Erth      ##......     11%         2
 Petrify                  Tmut/Erth      ##......     56%         4
 Lee's Rapid Deconstruct  Erth           ###.......   65%         5


Dungeon Overview and Level Annotations

Branches:
Dungeon (2/15)

Altars:

Annotations:
D:2 Terence


Innate Abilities, Weirdness & Mutations

You are resistant to torment.
Your stone body is resilient. (AC +3)
You are immune to poison.
You resist negative energy. (rN+)
You are resistant to electric shocks. (rElec)
You can survive without breathing.
You are immune to petrification.
You are immune to rotting.


Message History

Aiming: Sandblast (safe; 3% risk of failure)
Press: ? - help, Shift-Dir - straight line, f/p - Terence
Aim: Terence, wielding a +0 morningstar, wearing a +0 scale mail and carrying a wand of flame (13) (moderately wounded, 18% to evade)
The blast of sand hits Terence but does no damage.
Terence is moderately wounded.
b - 32 stones Terence zaps a wand.
The puff of flame misses you.
Casting: Sandblast (safe; 3% risk of failure)
Confirm with . or Enter, or press ? or * to list all spells.
Aiming: Sandblast (safe; 3% risk of failure)
Press: ? - help, Shift-Dir - straight line, f/p - Terence
Aim: Terence, wielding a +0 morningstar, wearing a +0 scale mail and carrying a wand of flame (12) (moderately wounded, 18% to evade)
The blast of sand hits Terence but does no damage.
Terence is moderately wounded.
b - 31 stones Terence closely misses you.
Things that are here:
a +0 club; a +0 robe Terence zaps a wand.
The puff of flame hits you!
You die...

#...###.##......)........#
#...###...........########
#.......###.......#
#...###.# ###.#####
#.....#.# #.# ## ##.##.#.#
#.# . #.##.#.# #.# .# .
#..)...#####.###.#...
#.....@.@............
#.##.#.##......##....
...##.#.##.#..#.# #
#.#.......##.#....# #
##.####>##......# #.#
#.##.#....# #. ..##......#
#######†### #.....#


You could see Terence.

Vanquished Creatures
  An adder (D:2)
  An ooze (D:1)
  A dart slug (D:1)
  A leopard gecko (D:1)
  3 giant cockroaches
  6 goblins
  6 hobgoblins
  A quokka (D:2)
  4 bats (D:1)
  A frilled lizard (D:1)
  7 kobolds
  3 rats
35 creatures vanquished.

Notes
Turn   | Place    | Note
-------+----------+-------------------------------------------
     0 | D:1      | nomicflux the Gargoyle Earth Elementalist began the quest
                  | for the Orb.
     0 | D:1      | Reached XP level 1. HP: 10/10 MP: 3/3
    95 | D:1      | Reached XP level 2. HP: 16/16 MP: 0/5
   178 | D:1      | Reached skill level 1 in Fighting
   481 | D:1      | Reached skill level 4 in Earth Magic
   606 | D:1      | Reached XP level 3. HP: 20/20 MP: 4/6
   754 | D:1      | Learned a level 3 spell: Stone Arrow
  1499 | D:2      | Noticed Terence
  1521 | D:2      | Killed from afar by Terence

Illustrated notes

Levels and vault maps discovered:
D:1:      lightli_arrival_chessboard, layout_basic
D:2:      layout_loops_cross, uniq_terence, uniq_natasha

Skill      XL: |  1  2  3 |
---------------+----------+-----
Fighting       | 1 2 |  2.0
Earth Magic    | 4 |  4.3
Dodging        | |  1.5
Stealth        | |  2.1
Spellcasting   | |  2.7
Transmutations | |  0.7

Action                   || total
-------------------------++-------
Melee: Unarmed           ||     3
       Spear             ||    39
 Cast: Sandblast         ||    41
 Stab: Sleeping          ||     1
Armor: Robe              ||    16
Dodge: Dodged            ||    25

Table legend: (Time is in decaauts)
 A = Elapsed time spent in this place.
 B = Non-inter-level travel time spent in this place.
 C = Inter-level travel time spent in this place.
 D = Time resting spent in this place.
 E = Time spent auto-exploring this place.
 F = Levels seen in this place.
 G = Mean time per level.
                   A        B        C        D        E       F      G
               +--------+--------+--------+--------+--------+-----+--------+
         Total |   1524 |   1477 |     47 |    194 |   1023 |   2 |  762.0 |
       Dungeon |   1524 |   1477 |     47 |    194 |   1023 |   2 |  762.0 |
               +--------+--------+--------+--------+--------+-----+--------+

Top non-repeatable levels by time:
     D:1: 1173 daAuts
     D:2: 350 daAuts
